 Dungeon Sprint DCSS version 0.27-a0-1139-g28e009f8a6 (webtiles) character file.

Game seed: 9749617271842047328

179 Zeld the Arsonist (level 5, -5/36 HPs)
             Began as an Octopode Fire Elementalist on May 7, 2021.
             Was a Believer of Sif Muna.
             Killed from afar by a deep elf pyromancer (20 damage)
             ... with a bolt of fire
             ... in the Dungeon (Sprint V: "Ziggurat Sprint").
             The game lasted 00:01:48 (450 turns).

Zeld the Arsonist (Octopode Fire Elementalist)       Turns: 450, Time: 00:01:49

Health: -5/36      AC:  1    Str: 19    XL:     5   Next: 59%
Magic:  1/12       EV: 16    Int: 31    God:    Sif Muna [**....]
Gold:   0          SH:  0    Dex: 24    Spells: 1/14 levels left

rFire    . . .     SeeInvis .   (no weapon)
rCold    . . .     Faith    .   (no shield)
rNeg     . . .     Spirit   .   (helmet restricted)
rPois    .         Reflect  .   (no amulet)
rElec    .         Harm     .   z - +6 ring of strength
rCorr    .         Rampage  .   x - +6 ring of intelligence
Will     +....     NoTele   +   v - +6 ring of dexterity
Stlth    ++++......             u - +6 ring of dexterity
HPRegen  0.12/turn              j - ring of willpower
MPRegen  0.13/turn              y - +6 ring of strength
                                w - +6 ring of intelligence
                                B - +4 ring of slaying

@: no status effects
A: almost no armour, amphibious, 8 rings, camouflage 1, gelatinous body 1,
(nimble swimmer 1), tentacles
a: Renounce Religion, Channel Magic


You were in the Dungeon.
You worshipped Sif Muna.
Sif Muna was pleased with you.
You visited 1 branch

Inventory:

Jewellery
 j - a ring of willpower (on tentacle)
 u - a +6 ring of dexterity (on tentacle)
 v - a +6 ring of dexterity (on tentacle)
 w - a +6 ring of intelligence (on tentacle)
 x - a +6 ring of intelligence (right tentacle)
 y - a +6 ring of strength (on tentacle)
 z - a +6 ring of strength (left tentacle)
 B - a +4 ring of slaying (on tentacle)
Wands
 q - a wand of mindburst (7)
 r - a wand of iceblast (6)
 s - a wand of acid (7)
Scrolls
 g - 3 scrolls of blinking
 l - 4 scrolls of amnesia
 m - 7 scrolls of fog
 n - a scroll of holy word
 o - 5 scrolls of identify
 p - 2 scrolls of fear
Potions
 a - 2 potions of brilliance
 b - 10 potions of curing
 c - 10 potions of heal wounds
 d - 6 potions of haste
 e - 7 potions of magic
 f - 3 potions of berserk rage
 h - 2 potions of invisibility
 i - 4 potions of resistance
 k - 5 potions of might
Miscellaneous
 A - a lightning rod (4/4)


   Skills:
 + Level 3.4 Fighting
 + Level 4.3 Dodging
 - Level 2.6 Stealth
 + Level 5.1 Spellcasting
 + Level 5.2 Conjurations
 * Level 8.1 Fire Magic


You had one spell level left.
You knew the following spells:

 Your Spells              Type           Power      Damage    Failure   Level
a - Foxfire               Conj/Fire      100%       2x1d9     1%          1
b - Conjure Flame         Conj/Fire      49%        6-21      1%          3
c - Sticky Flame          Conj/Fire      49%        2d7       3%          4
d - Fireball              Conj/Fire      24%        3d11      10%         5

Your spell library contained the following spells:

 Spells                   Type           Power      Damage    Failure   Level
 Static Discharge         Conj/Air       24%        N/A       2%          2
 Inner Flame              Hex/Fire       33%        N/A       3%          3
 Lightning Bolt           Conj/Air       12%        1d25      45%         5
 Ignition                 Fire           27%        3d9       100%        8
 Shatter                  Erth           3%         3d7*      100%        9
 Tornado                  Air            3%         N/A       100%        9


Dungeon Overview and Level Annotations

Branches:
Dungeon (1/1)

Altars:
Ashenzari
Cheibriados
Dithmenos
Elyvilon
Fedhas
Gozag
Hepliaklqana
Kikubaaqudgha
Makhleb
Nemelex Xobeh
Okawaru
Qazlal
Ru
Sif Muna
Trog
Uskayaw
Vehumet
Wu Jian
Xom
Yredelemnul
Zin
The Shining One
Beogh
Jiyva
Lugonu

Annotations:
D 1 transporter


Innate Abilities, Weirdness & Mutations

You cannot wear most types of armour.
You are amphibious.
You can wear up to eight rings at the same time.
Your skin changes colour to match your surroundings (Stealth+).
Your rubbery body absorbs attacks. (AC +1, EV +1)
((You are camouflaged near water. (Stealth+)))
You have tentacles for arms and can constrict up to eight enemies at once.


Message History

Confirm with . or Enter, or press ? or * to list all spells.
The spell is extremely dangerous to cast (10% risk of failure)!
Continue anyway?
Aiming: Fireball (extremely dangerous; 10% risk of failure)
Press: ? - help, Shift-Dir - straight line, f/p - deep elf knight
Aim: a deep elf knight, wielding a +0 long sword (severely wounded, fast)
The fireball explodes!
The fireball engulfs the deep elf knight!
The deep elf knight is almost dead.
The fireball engulfs the deep elf pyromancer!!
The deep elf pyromancer is severely wounded.
The fireball engulfs the deep elf zephyrmancer!!
The deep elf zephyrmancer is almost dead.
The fireball engulfs the +1 battleaxe of flaming.
The +1 battleaxe of flaming resists.
The +1 battleaxe of flaming is lightly damaged.
The deep elf pyromancer casts a spell.
The deep elf pyromancer blinks!
Casting: Fireball (extremely dangerous; 10% risk of failure)
Confirm with . or Enter, or press ? or * to list all spells.
You conjure some foxfire!
The deep elf knight gestures at you while chanting.
The shard of ice hits you!!
Ouch! That really hurt!
The foxfire hits the deep elf zephyrmancer.
The deep elf zephyrmancer is almost dead.
The deep elf pyromancer casts a spell.
Press: ? - help, v - describe, . - travel
Here: a deep elf zephyrmancer, wielding a +0 short sword (almost dead)
The floor.
Blink to where?
Press: ? - help, Dir - move target, p - deep elf knight
As you read the scroll of blinking, it crumbles to dust.
The foxfire hits the deep elf zephyrmancer!
You kill the deep elf zephyrmancer!
Sif Muna accepts your kill.
The deep elf pyromancer points at you and mumbles some strange words.
The bolt of fire hits the fire elemental.
The fire elemental completely resists.
The bolt of fire hits you!!
Ouch! That really hurt!
You die...

▓▓▓▓▓▓▓▓▓▓▓▓▓▓▓▓▓▓▓
▓.8©8.▓.8©8.▓.8©8.▓
▓.)○|.▓..|:.▓.....▓
▓.e[E@▓.....▓...=.▓
▓.....▓.....▓..)..▓
▓...e(▓.....▓.....▓
▓.)...▓.....▓..©..▓
▓..§..▓..©..▓▓▓▓▓▓▓
▓▓▓▓▓▓▓▓▓▓▓▓▓


You could see a deep elf knight (fast), a deep elf pyromancer, a fire elemental
(summoned) and a +1 battleaxe of flaming.

Vanquished Creatures
  A deep elf zephyrmancer (D)
  A golden eye (D)
  A jelly (D)
  2 orcs (D)
  An endoplasm (D)
6 creatures vanquished.

Vanquished Creatures (others)
  10 foxfires (D)
10 creatures vanquished.

Grand Total: 16 creatures vanquished

Notes
Turn   | Place    | Note
-------+----------+-------------------------------------------
     0 | D        | Zeld the Octopode Fire Elementalist began the quest for the
                  | Orb.
     0 | D        | Reached XP level 1. HP: 11/11 MP: 3/3
     0 | D        | Found a shimmering blue altar of Sif Muna.
     0 | D        | Found a bloodstained altar of Trog.
     0 | D        | Found a sacrificial altar of Ru.
     0 | D        | Found a stormy altar of Qazlal.
     0 | D        | Found an iron altar of Okawaru.
     1 | D        | Found a sparkling altar of Nemelex Xobeh.
     1 | D        | Found a blossoming altar of Fedhas.
     2 | D        | Found the +6 Majin-Bo {vamp, MP+6 Int+6}
     2 | D        | Found the +9 heavy crossbow "Sniper" {vorpal, Acc+∞ SInv}
     2 | D        | Found the +10 dark maul {vorpal}
     2 | D        | Found the +15 Maxwell's patent armour {-Cast -Tele rElec
                  | Will+ rCorr}
     2 | D        | Found the +18 shield of the Gong {rElec rN+ Will+ EV-5}
     2 | D        | Found the +14 obsidian axe {vorpal, Drain Fly SInv}
     2 | D        | Found the +7 great mace "Firestarter" {inner flame, rF++}
     2 | D        | Found the +6 shillelagh "Devastator" {shatter}
     2 | D        | Found the +11 plutonium sword {Contam Stlth-}
     2 | D        | Found the +8 lance "Wyrmbane" {slay drac, rPois rF+ rC+
                  | AC+3}
     2 | D        | Found the +9 sword of Zonguldrok {reap}
     2 | D        | Found the +13 scythe of Curses {drain, Drain}
     2 | D        | Found the +5 sword of Power {vorpal}
     2 | D        | Found the +7 mace of Variability {chain chaos}
     2 | D        | Found the +7 Singing Sword {vorpal, sonic wave}
     2 | D        | Found the +8 storm bow {elec, penet}
     3 | D        | Found a transporter.
     3 | D        | Found an ancient bone altar of Kikubaaqudgha.
     3 | D        | Found a viscous altar of Jiyva.
     3 | D        | Found a corrupted altar of Lugonu.
     3 | D        | Found a hazy altar of Hepliaklqana.
     3 | D        | Found a burning altar of Makhleb.
     3 | D        | Found an opulent altar of Gozag.
    27 | D        | Became a worshipper of Sif Muna the Loreminder
    28 | D        | Reached skill level 6 in Fire Magic
    28 | D        | Reached XP level 2. HP: 17/17 MP: 3/6
    82 | D        | Entered arena 2.
    82 | D        | Found a transporter.
   297 | D        | Entered arena 3.
   297 | D        | Noticed a golden eye
   297 | D        | Found a transporter.
   298 | D        | Reached * piety under Sif Muna
   298 | D        | Killed a golden eye
   299 | D        | Reached skill level 5 in Spellcasting
   299 | D        | Reached skill level 5 in Conjurations
   299 | D        | Reached skill level 7 in Fire Magic
   299 | D        | Reached XP level 3. HP: 26/26 MP: 6/9
   299 | D        | Reached XP level 4. HP: 31/31 MP: 7/11
   299 | D        | Reached XP level 5. HP: 36/36 MP: 7/12
   301 | D        | Reached skill level 8 in Fire Magic
   314 | D        | Learned a level 3 spell: Conjure Flame
   319 | D        | Learned a level 4 spell: Sticky Flame
   325 | D        | Learned a level 5 spell: Fireball
   446 | D        | Entered arena 4.
   446 | D        | Noticed a deep elf pyromancer
   446 | D        | Noticed a deep elf zephyrmancer
   446 | D        | Noticed a +1 battleaxe of flaming
   446 | D        | Noticed a deep elf knight
   446 | D        | Found a transporter.
   450 | D        | Noticed a fire elemental
   450 | D        | Killed a deep elf zephyrmancer
   450 | D        | Reached ** piety under Sif Muna
   450 | D        | Killed from afar by a deep elf pyromancer

Illustrated notes

Levels and vault maps discovered:
D:        sprint_v [room_start, room_1, room_2, room_3, room_4, room_5, room_6,
          room_7, room_8, room_9, room_10, room_11, room_12, room_13, room_14,
          room_15, room_16, room_17, room_18, room_19, room_20, room_21,
          room_22, room_23, room_24, room_25, room_26, room_27]

Skill      XL: |  1  2  3  4  5 |
---------------+----------------+-----
Spellcasting   | 3 5 |  5.1
Conjurations   | 3 5 |  5.2
Fire Magic     | 6 7 8 |  8.1
Fighting       | 3 |  3.4
Dodging        | 4 |  4.3
Stealth        | |  2.6

Action                   |  1- 3 |  4- 6 || total
-------------------------+-------+-------++-------
 Cast: Foxfire           |     4 |     2 ||     6
       Fireball          |       |     2 ||     2
Evoke: Wand              |     1 |       ||     1
  Use: Potion            |     1 |       ||     1
       Scroll            |       |     1 ||     1

Table legend: (Time is in decaauts)
 A = Elapsed time spent in this place.
 B = Non-inter-level travel time spent in this place.
 C = Inter-level travel time spent in this place.
 D = Time resting spent in this place.
 E = Time spent auto-exploring this place.
 F = Levels seen in this place.
 G = Mean time per level.
                   A        B        C        D        E       F      G
               +--------+--------+--------+--------+--------+-----+--------+
         Total |    445 |    445 |      0 |    339 |      0 |   1 |  445.0 |
       Dungeon |    445 |    445 |      0 |    339 |      0 |   1 |  445.0 |
               +--------+--------+--------+--------+--------+-----+--------+

Top non-repeatable levels by time:
       D: 445 daAuts
